 Dungeon Crawl Stone Soup version 0.29.1-1-gd02db6906a (webtiles) character file.

Game seed: 6998509268167247014

7 Icepheonix32 the Insei (level 2, 0/21 HPs)
             Began as a Merfolk Transmuter on Oct 5, 2022.
             Frozen to death by an endoplasm (2 damage)
             ... on level 1 of the Dungeon.
             The game lasted 00:00:15 (254 turns).

Icepheonix32 the Insei (Merfolk Transmuter)          Turns: 254, Time: 00:00:16

Health: 0/21       AC:  2    Str: 10    XL:     2   Next: 0%
Magic:  3/5        EV: 13    Int: 12    God:
Gold:   20         SH:  0    Dex: 14    Spells: 4/5 levels left

rFire   . . .      SeeInvis .     - Unarmed
rCold   . . .      Faith    .   (no shield)
rNeg    . . .      Spirit   .   a - +0 robe
rPois   .          Reflect  .   (helmet currently unavailable)
rElec   .          Harm     .   (no cloak)
rCorr   .          Rampage  .   (no gloves)
Will    .....                   (boots currently unavailable)
Stlth   +.........              (no amulet)
HPRegen 0.07/turn               (no ring)
MPRegen 0.09/turn               (no ring)

@: appendages
A: horns 2, (nimble swimmer 2), mertail
a: End Transformation


You were on level 1 of the Dungeon.
You had temporarily grown beastly horns.
You visited 1 branch of the dungeon, and saw 1 of its levels.

You collected 20 gold pieces.

Inventory:

Armour
 a - a +0 robe (worn)
Scrolls
 d - a scroll of enchant armour {unknown}
Potions
 b - a potion of lignification
 c - a potion of degeneration {unknown}


   Skills:
 + Level 1.3 Fighting
 * Level 3.0 Dodging
 + Level 3.3 Unarmed Combat
 + Level 2.0 Spellcasting
 * Level 3.0 Transmutations


You had 4 spell levels left.
You knew the following spells:

 Your Spells              Type           Power      Damage    Failure   Level
a - Beastly Appendage     Tmut           16%        N/A       8%          1

Your spell library contained the following spells:

 Spells                   Type           Power      Damage    Failure   Level
 Wereblood                Tmut           8%         N/A       12%         2
 Spider Form              Tmut/Pois      4%         N/A       41%         3
 Ice Form                 Ice/Tmut       4%         N/A       82%         4


Dungeon Overview and Level Annotations

Branches:
Dungeon (1/15)

Altars:


Innate Abilities, Weirdness & Mutations

You have temporarily grown beastly horns.
((You are very nimble when in or above water. (Stealth+, EV+, Speed+++)))
Your lower body shifts to a powerful aquatic tail in water.


Message History

You hit the endoplasm but do no damage.
The endoplasm is severely wounded.
The endoplasm freezes you.
You are frozen.
You hit the endoplasm.
You kill the endoplasm!
Found 10 gold pieces.
The kobold closely misses you.
You see here a +0 club.
You miss the kobold. The kobold misses you.
You hit the kobold but do no damage. You punch the kobold, but do no damage.
The kobold hits you with a +0 dagger.
There are monsters nearby!
There are monsters nearby!
You are too injured to fight recklessly!
Unknown command.
Casting: Beastly Appendage (safe; 9% risk of failure)
Confirm with . or Enter, or press ? or * to list all spells.
You don't know that spell.
Unknown command.
Casting: Beastly Appendage (safe; 9% risk of failure)
Confirm with . or Enter, or press ? or * to list all spells.
You grow a pair of large bovine horns.
A bat comes into view.
The kobold barely misses you.
You closely miss the kobold. You headbutt the kobold.
The kobold is severely wounded.
The kobold misses you. The endoplasm freezes you.
You are frozen.
The bat hits you.
* * * LOW HITPOINT WARNING * * *
You hit the kobold.
You kill the kobold!
The bat closely misses you. The endoplasm hits you.
* * * LOW HITPOINT WARNING * * *
Your Transmutations skill increases to level 3!
You have reached level 2!
You miss the bat. The bat hits you but does no damage. The bat misses you.
The endoplasm freezes you.
You are frozen.
You die...

.........## ###
.######...###.########
.# #......#........ .#
#...###.######## .#
##### #.# ^# ###.###
.# #.....#######. .#
##.#.#.#....... .#
#......@)b.>... .#
#..#.#.#J##.##$ .##
#......#.# ..#
#.........# ..####.
########### .......
....## ... ...## ....#
.. ...##### ...# ..
...(...#. #..# .#


You could see an endoplasm and a bat.

Vanquished Creatures
  An endoplasm (D:1)
  A hobgoblin (D:1)
  2 ball pythons (D:1)
  A bat (D:1)
  A goblin (D:1)
  A kobold (D:1)
7 creatures vanquished.

Notes
Turn   | Place    | Note
-------+----------+-------------------------------------------
     0 | D:1      | Icepheonix32 the Merfolk Transmuter began the quest for the
                  | Orb.
     0 | D:1      | Reached XP level 1. HP: 15/15 MP: 3/3
   254 | D:1      | Reached XP level 2. HP: 2/21 MP: 3/5
   254 | D:1      | Frozen to death by an endoplasm

Illustrated notes

Levels and vault maps discovered:
D:1:      minmay_arrival_four_loops, layout_loops_ring, serial_shops, shop,
          shapermc_ecumenical_altar_mp_highgroup, minmay_tetromino_o4

Skill      XL: |  1 |
---------------+----+-----
Dodging        | 3 |  3.0
Transmutations | 3 |  3.0
Fighting       | |  1.3
Unarmed Combat | |  3.3
Spellcasting   | |  2.0

Action                   || total
-------------------------++-------
Melee: Unarmed           ||    25
       Headbutt          ||     3
       Punch             ||     1
 Cast: Beastly Appendage ||     4
Armor: Robe              ||     3
Dodge: Dodged            ||    21
